 Dungeon Crawl Stone Soup version 0.25.0-10-g039870ee82 (webtiles) character file.

Game seed: 10259634203921726257

58 Lavandula the Bolt Thrower (level 4, -17/38 HPs)
             Began as a Naga Arcane Marksman on June 23, 2020.
             Demolished by an ogre
             ... wielding a +0 giant club
              (20 damage)
             ... on level 4 of the Dungeon.
             The game lasted 00:03:18 (779 turns).

Lavandula the Bolt Thrower (Naga Arcane Marksman)    Turns: 779, Time: 00:03:18

Health: -17/38     AC:  2    Str: 12    XL:     4   Next: 2%
Magic:  5/5        EV: 10    Int: 16    God:
Gold:   76         SH:  0    Dex: 12    Spells: 4/5 levels left

rFire    . . .     SeeInvis +   b - +0 dagger "Awakhlyd" {drain, rElec} (curse)
rCold    . . .     Gourm    .   (no shield)
rNeg     . . .     Faith    .   e - +0 robe
rPois    +         Spirit   .   (no helmet)
rElec    +         Reflect  .   (no cloak)
rCorr    .         Harm     .   (no gloves)
MR       .....                  (no barding)
Stlth    +.........             (no amulet)
HPRegen  0.12/turn              (no ring)
MPRegen  0.09/turn              (no ring)

@: short of breath, very slow
A: large, see invisible, clever 1, deformed body, poison resistance, slowness 2,
slow metabolism 1, spit poison 2, AC +1
a: Breathe Poison Gas


You were on level 4 of the Dungeon.
You were not hungry.

You visited 1 branch of the dungeon, and saw 5 of its levels.

You collected 76 gold pieces.

Inventory:

Hand Weapons
 a - a +0 hand crossbow
 b - the cursed +0 dagger "Awakhlyd" (weapon) {drain, rElec}
   (You found it on level 4 of the Dungeon)

   A truly terrible weapon, it drains the life of those it strikes.
   It insulates you from electricity.
   It has a curse placed upon it.
 g - a +0 short sword
 k - a +0 long sword of protection
Missiles
 d - 17 bolts
Armour
 e - a +0 robe (worn)
Scrolls
 h - 2 scrolls of teleportation
 i - 2 scrolls of remove curse {unknown}
 j - a scroll of magic mapping {unknown}
 l - a scroll of random uselessness {unknown}
Comestibles
 f - 4 rations


   Skills:
 - Level 1.0 Fighting
 + Level 0.1 Short Blades
 - Level 3.7 Crossbows
 - Level 1.5 Dodging
 - Level 1.0 Spellcasting
 - Level 3.0 Hexes


You had 4 spell levels left.
You knew the following spells:

 Your Spells              Type           Power        Failure   Level  Hunger
a - Corona                Hex            ##.....      7%          1    ##.....

Your spell library contained the following spells:

 Spells                   Type           Power        Failure   Level  Hunger
 Slow                     Hex            ##......     10%         2    ###....
 Inner Flame              Hex/Fire       #.......     36%         3    ####...
 Portal Projectile        Hex/Tloc       #.....       36%         3    ####...
 Cause Fear               Hex            ##........   54%         4    #####..
 Leda's Liquefaction      Hex/Erth       #.........   77%         4    #####..


Dungeon Overview and Level Annotations

Branches:
Dungeon (5/15)
 Temple: D:4-7

Altars:
Ashenzari
Dithmenos
Hepliaklqana

Annotations:
D:5 Eustachio


Innate Abilities, Weirdness & Mutations

You cannot wear boots.
Your serpentine skin is tough. (AC +1)
You have supernaturally acute eyesight. (SInv)
Armour fits poorly on your strangely shaped body.
Your system is resistant to poisons. (rPois)
You cover ground very slowly.
You have a slow metabolism.
You can exhale a cloud of poison.
Your mind is acute. (Int +2)


Message History

The ogre hits you with a +0 giant club.
* * * LOW HITPOINT WARNING * * *
Press: ? - help, Shift-Dir - straight line, f/p - ogre
Aim: an ogre, wielding a +0 giant club (heavily wounded, heavily drained)
You exhale a blast of poison gas.
The poison gas hits the ogre.
The ogre is heavily wounded.
You feel somewhat more hungry.
Unknown command.
You hit the ogre.
The ogre is heavily wounded.
The ogre is engulfed in poison gas.
The ogre is poisoned.
The ogre hits you with a +0 giant club.
* * * LOW HITPOINT WARNING * * *
Unknown command.
You hit the ogre.
The ogre is severely wounded.
The ogre is engulfed in poison gas.
The ogre looks even sicker.
The ogre hits you with a +0 giant club!!
Ouch! That really hurt!
You die...

#...S.# #.###..###
# #......# ###.
..#####.# #..P #.#
## ♣.P♣♣P #.# .#
.P♣P♣ ♣♣P #.# .##
###O.♣P♣♣♣P...#.###
..♣#
#.@....P♣♣P.P......
..P♣ #######
#.##.....P.#..#..♣.
♣P♣♣ #.....# #.#
#####.###......
P!.P #.###.# #.#
.....[.♣. ..P♣♣
###.# #.# #
.#........ ..♣♣
..#.# #.#
<###..PP.#.#♣. ♣P♣
# #.#.#
#.###.#P.P.♣.......
♣♣♣ #.#.#.#
#.......P♣P...#.#♣.
#.#.#.#
###.##..♣P..###+##.


You could see an ogre (very poisoned, drained).

Vanquished Creatures
  A worker ant (D:4)
  A howler monkey skeleton (D:4)
  An adder (D:3)
  An orc (D:4)
  A bat (D:3)
  A giant cockroach (D:3)
  2 goblins
  2 hobgoblins (D:1)
  A jackal (D:1)
  A quokka (D:4)
  A frilled lizard (D:3)
  A kobold (D:3)
  2 rats
16 creatures vanquished.

Notes
Turn   | Place    | Note
-------+----------+-------------------------------------------
     0 | D:1      | Lavandula the Naga Arcane Marksman began the quest for the
                  | Orb.
     0 | D:1      | Reached XP level 1. HP: 18/18 MP: 2/2
    56 | D:3      | Reached XP level 2. HP: 25/25 MP: 3/3
   391 | D:4      | Reached XP level 3. HP: 31/31 MP: 4/4
   470 | D:4      | Reached XP level 4. HP: 38/38 MP: 5/5
   510 | D:4      | Found a shadowy altar of Dithmenos.
   517 | D:4      | Got a scorched dagger
   518 | D:4      | Identified the cursed +0 dagger "Awakhlyd" {drain, rElec}
                  | (You found it on level 4 of the Dungeon)
   606 | D:4      | Found a shattered altar of Ashenzari.
   686 | D:4      | Found a hazy altar of Hepliaklqana.
   717 | D:5      | Entered Level 5 of the Dungeon
   717 | D:5      | Noticed Eustachio
   768 | D:4      | Noticed an ogre
   776 | D:4      | Gained mutation: You can exhale a cloud of poison. [potion
                  | of mutation]
   776 | D:4      | Gained mutation: Your mind is acute. (Int +2) [potion of
                  | mutation]
   779 | D:4      | Demolished by an ogre

Illustrated notes

Levels and vault maps discovered:
D:1:      ebering_trefoil_twist, layout_loops_cross
D:2:      kennysheep_big_flooded_room, layout_rooms, feat_on_display,
          uniq_natasha, uniq_crazy_yiuf_cottage
D:3:      minmay_general_purpose_star, layout_basic, roderic_lattice_a
D:4:      layout_loops_corners, nicolae_overflow_hidden_temple,
          ashenzari_altar_1, serial_forest, infiniplex_forest_clump_diagonal,
          infiniplex_forest_lined_room_3, infiniplex_forest_fountain,
          infiniplex_forest_straight_1, infiniplex_forest_clump_medium,
          infiniplex_forest_straight_4, infiniplex_forest_clump_long,
          infiniplex_forest_end_2, minmay_misc_feat_cross, grunt_dithmenos_smoke
D:5:      layout_basic, first_ration, uniq_eustachio

Skill      XL: |  1  2 |
---------------+-------+-----
Crossbows      | 2 3 |  3.7
Fighting       | |  1.0
Short Blades   | |  0.1
Dodging        | |  1.5
Spellcasting   | |  1.0
Hexes          | |  3.0

Action                   |  1- 3 |  4- 6 || total
-------------------------+-------+-------++-------
Melee: Dagger            |       |    16 ||    16
 Fire: Hand crossbow     |    19 |       ||    19
 Abil: Spit Poison       |     6 |     2 ||     8
       Breathe Poison Ga |       |     1 ||     1
  Use: Scroll            |       |     1 ||     1
       Potion            |       |     1 ||     1
Armor: Robe              |     2 |       ||     2
Dodge: Dodged            |     7 |     7 ||    14
